 Dungeon Crawl Stone Soup version 0.31-a0-640-g39d97e502b (webtiles) character file.

Game seed: 3937384425409169313

448 Babbit the Chopper (level 6, 0/55 HPs)
             Began as a Minotaur Fighter on Aug 27, 2023.
             Slain by an ogre
             ... wielding a +0 giant spiked club
              (17 damage)
             ... on level 5 of the Dungeon.
             The game lasted 00:10:49 (3859 turns).

Babbit the Chopper (Minotaur Fighter)               Turns: 3859, Time: 00:10:50

Health: 0/55       AC: 16    Str: 28    XL:     6   Next: 73%
Magic:  14/14      EV:  7    Int:  5    God:
Gold:   184        SH:  5    Dex: 15    Spells: 5/5 levels left

rFire   x . .        a - +0 war axe
rCold   . . .        c - +0 buckler
rNeg    . . .        q - +0 plate armour
rPois   .            (helmet restricted)
rElec   .            (no cloak)
rCorr   .            (no gloves)
SInv    .            (no boots)
Will    .....        (no amulet) Stlth
                     h - +4 ring of protection
HPRegen 0.29/turn    d - ring "Ovvyum" {*Corrode rF- MP+9 Str+5 Dex+6}
MPRegen 0.14/turn

%: corrode self (3%)
@: no status effects
A: horns 2, retaliatory headbutt
a: no special abilities


You were on level 5 of the Dungeon.
You visited 1 branch of the dungeon, and saw 5 of its levels.

You collected 184 gold pieces.

Inventory:

Hand Weapons
 a - a +0 war axe (weapon)
Armour
 c - a +0 buckler (worn)
 q - a +0 plate armour (worn)
Jewellery
 d - the ring "Ovvyum" (right hand) {*Corrode rF- MP+9 Str+5 Dex+6}
   (You found it on level 4 of the Dungeon)

   [ring of dexterity]

   Str+5:     It affects your strength (+5).
   Dex+6:     It affects your dexterity (+6).
   rF-:       It makes you vulnerable to fire.
   MP+9:      It affects your magic capacity (+9).
   *Corrode:  It may corrode you when you take damage.
 h - a +4 ring of protection (left hand)
 t - a ring of see invisible
Wands
 f - a wand of iceblast (10)
 k - a wand of charming (3)
Scrolls
 b - 2 scrolls of teleportation
 e - 2 scrolls of vulnerability {unknown}
 g - 2 scrolls of fear {unknown}
 i - a scroll of enchant armour {unknown}
 j - a scroll of revelation {unknown}
 l - a scroll of fog {unknown}
 m - a scroll of noise {unknown}
 p - a scroll of amnesia {unknown}
 s - a scroll of enchant weapon {unknown}
Potions
 n - 2 potions of cancellation
 o - a potion of brilliance
 r - a potion of attraction {unknown}
 u - a potion of resistance {unknown}
 v - a potion of lignification {unknown}
 w - a potion of curing {unknown}


   Skills:
 + Level 4.8 Fighting
 + Level 6.6 Axes
 + Level 5.1 Armour
 + Level 1.2 Dodging
 + Level 0.4 Stealth
 + Level 4.3 Shields


You had 5 spell levels left.
You didn't know any spells.
Your spell library contained the following spells:

 Spells                   Type           Power      Damage    Failure   Level
 Blink                    Tloc           0%         N/A       100%        2
 Lesser Beckoning         Tloc           0%         N/A       100%        2
 Momentum Strike          Conj/Tloc      0%         3d8       100%        2
 Gell's Gravitas          Tloc           0%         N/A       100%        3
 Teleport Other           Tloc           0%         N/A       100%        3
 Cause Fear               Hex            0%         N/A       100%        4
 Fireball                 Conj/Fire      0%         3d3       100%        5
 Dispersal                Tloc           0%         N/A       100%        6
 Dragon's Call            Summ           0%         N/A       100%        9


Dungeon Overview and Level Annotations

Branches:
Dungeon (5/15)
 Temple: D:4-7

Altars:

Shops:
D:2 *   D:4 =


Innate Abilities, Weirdness & Mutations

You have a pair of horns on your head.
You reflexively headbutt those who attack you in melee.


Message History

You slash Ijyb!
Ijyb is moderately wounded.
Ijyb screams, "Me kill you!" Ijyb barely misses you.
You barely miss Ijyb.
Ijyb is moderately wounded.
Ijyb barely misses you.
You hit Ijyb.
Ijyb is moderately wounded.
Ijyb hits you with a +0 dagger.
You hit Ijyb.
Ijyb is heavily wounded.
Ijyb hits you but does no damage. Ijyb closely misses you.
You hit Ijyb.
Ijyb is severely wounded.
You slash the orc!
You kill the orc!
You block Ijyb's attack.
You closely miss Ijyb.
Ijyb is severely wounded.
You barely miss the ogre.
The ogre hits you with a +0 giant spiked club.
Ijyb barely misses you.
You hit Ijyb but do no damage. You headbutt Ijyb.
Ijyb is severely wounded.
You completely miss the ogre. Ijyb hits you but does no damage.
The ogre hits you with a +0 giant spiked club!
You slash Ijyb!
You kill Ijyb!
You hit the ogre.
The ogre hits you with a +0 giant spiked club!!
You completely miss the ogre.
The ogre is lightly wounded.
You barely miss the ogre. You headbutt the ogre!
The ogre is heavily wounded.
The ogre hits you with a +0 giant spiked club.
You slash the ogre! Your headbutt misses the ogre.
The ogre is severely wounded.
The ogre hits you with a +0 giant spiked club!
You die...

.. . ##..#.# .. .
....#.# #. #.##...#.#
#. ####.#......# #.
............# # #
#.#######...<....#
...#.#.......#........#
.......O####.#.....##.#
.###...@# #.#........#
#...)# #.#.#...####.
#....####.#..........
......#...........####
####...##.#.#..#...#
....##.#.#......#
###..##.#.#..##..#
#..##.#.#..##..#
#.#.#..##..#


You could see an ogre.

Vanquished Creatures
  A hound (D:4)
  An orc priest (D:4)
  Ijyb (D:5)
  An iguana (D:4)
  3 sleepcaps (D:3)
  Natasha (twice) (D:2)
  An orc wizard (D:4)
  7 gnolls
  4 adders
  An ufetubus (D:3)
  A worm (D:3)
  3 dart slugs
  3 orcs
  4 endoplasms
  A giant cockroach (D:1)
  3 goblins
  10 hobgoblins
  10 kobolds
  3 quokkas
  3 ball pythons
  4 bats
  3 frilled lizards
  4 rats
74 creatures vanquished.

Notes
Turn   | Place    | Note
-------+----------+-------------------------------------------
     0 | D:1      | Babbit the Minotaur Fighter began the quest for the Orb.
     0 | D:1      | Reached XP level 1. HP: 19/19 MP: 0/0
   115 | D:1      | Reached XP level 2. HP: 24/27 MP: 1/1
   544 | D:2      | Found a faded altar of an unknown god.
   554 | D:2      | Reached skill level 3 in Axes
   554 | D:2      | Reached XP level 3. HP: 16/33 MP: 2/2
   734 | D:2      | Found Siakko's Assorted Antiques.
  1426 | D:2      | Reached XP level 4. HP: 40/40 MP: 3/3
  1516 | D:2      | Noticed Natasha
  1556 | D:2      | Killed Natasha
  1557 | D:2      | Reached skill level 4 in Axes
  1717 | D:2      | Noticed Natasha
  1722 | D:2      | Killed Natasha
  2023 | D:3      | Reached XP level 5. HP: 42/47 MP: 4/4
  2232 | D:3      | Reached skill level 1 in Dodging
  2236 | D:3      | Reached skill level 5 in Axes
  2900 | D:4      | Identified the ring "Ovvyum" {*Corrode rF- MP+9 Str+5
                  | Dex+6}
  2909 | D:4      | Reached XP level 6. HP: 51/53 MP: 5/5
  2910 | D:4      | Reached skill level 5 in Armour
  2996 | D:4      | Found Kueskin's Jewellery Emporium.
  3030 | D:4      | Reached skill level 6 in Axes
  3810 | D:5      | Entered Level 5 of the Dungeon
  3844 | D:5      | Noticed Ijyb
  3856 | D:5      | Killed Ijyb
  3859 | D:5      | Slain by an ogre

Illustrated notes

Levels and vault maps discovered:
D:1:      eino_arrival_water_cross, layout_rooms, minmay_domino_2
D:2:      layout_loops_ring, ebering_ecumenical_altar_petrified,
          serial_co_window_serial, co_window_of_opportunity_a,
          co_window_paths_b, co_window_paths_b, co_window_paths_a,
          co_window_paths_b, co_window_paths_b, co_window_paths_a,
          co_window_corner_b, co_window_corner_ca, co_window_corner_b,
          co_window_unsneaky_path_a, co_window_2corner, co_window_corner_cb,
          co_window_4corner_a, glass_columns_b, glass_columns_a,
          glass_columns_a, glass_columns_a, serial_shops, shop, uniq_natasha
D:3:      mumra_celtic_spiral_tile, layout_rooms, hangedman_decor_lopped,
          hellmonk_no_cap
D:4:      layout_gridville, serial_shops, nicolae_shop_peninsula,
          minmay_statues_item
D:5:      layout_basic, uniq_duvessa, uniq_crazy_yiuf_cottage, uniq_ijyb

Skill      XL: |  1  2  3  4  5  6 |
---------------+-------------------+-----
Shields        | 4 |  4.3
Armour         | 4 5 |  5.1
Axes           | 3 4 5 6 |  6.6
Fighting       | 4 |  4.8
Dodging        | 1 |  1.2
Stealth        | |  0.4

Action                     |  1- 3 |  4- 6 || total
---------------------------+-------+-------++-------
  Melee: War axe           |    68 |    97 ||   165
         Headbutt          |     7 |    10 ||    17
    Use: Scroll            |       |     5 ||     5
         Potion            |       |     1 ||     1
 Armour: Scale mail        |    29 |    10 ||    39
         Plate armour      |       |    42 ||    42
  Dodge: Dodged            |    33 |    41 ||    74
  Block: Buckler           |    10 |    19 ||    29

Table legend: (Time is in decaauts)
 A = Elapsed time spent in this place.
 B = Non-inter-level travel time spent in this place.
 C = Inter-level travel time spent in this place.
 D = Time resting spent in this place.
 E = Time spent auto-exploring this place.
 F = Levels seen in this place.
 G = Mean time per level.
                   A        B        C        D        E       F      G
               +--------+--------+--------+--------+--------+-----+--------+
         Total |   3908 |   3672 |    236 |    109 |   2950 |   5 |  781.6 |
       Dungeon |   3908 |   3672 |    236 |    109 |   2950 |   5 |  781.6 |
               +--------+--------+--------+--------+--------+-----+--------+

Top non-repeatable levels by time:
     D:2: 1398 daAuts
     D:4: 981 daAuts
     D:3: 944 daAuts
     D:1: 533 daAuts
     D:5: 51 daAuts
